 Dungeon Crawl Stone Soup version 0.31.0-4-g52a2dc7128 (webtiles) character file.

Game seed: 5831917937938152395

272 jasper the Cudgeller (level 6, 0/50 HPs)
             Began as an Armataur Fighter on Jan 22, 2024.
             Succumbed to a gnoll's poison
             ... on level 3 of the Dungeon.
             The game lasted 00:05:50 (2160 turns).

jasper the Cudgeller (Armataur Fighter)             Turns: 2160, Time: 00:05:51

Health: 0/50       AC:  8    Str: 24    XL:     6   Next: 2%
Magic:  6/6        EV:  7    Int:  8    God:
Gold:   193        SH:  4    Dex:  9    Spells: 5/5 levels left

rFire   . . .        a - +1 flail (flame)
rCold   + . .        c - +0 buckler
rNeg    . . .        e - +0 scale mail {rC+}
rPois   .            (no helmet)
rElec   .            i - +0 cloak
rCorr   .            (no gloves)
SInv    .            (no barding)
Will    .....        (no amulet) Stlth
                     (no ring)
HPRegen 0.28/turn    (no ring)
MPRegen 0.10/turn

%: roll
@: mighty, brilliant, lethally poisoned (0 -> -24)
A: large, deformed body, tough skin 3, armoured tail, roll 1
a: no special abilities


You were on level 3 of the Dungeon.
You visited 1 branch of the dungeon, and saw 3 of its levels.

You collected 193 gold pieces.

Inventory:

Hand Weapons
 a - a +1 flail of flaming (weapon)
 j - a +0 flail
Missiles
 g - 25 stones
 k - a boomerang (quivered)
Armour
 b - a +0 scale mail
 c - a +0 buckler (worn)
 e - a +0 scale mail of cold resistance (worn)
 h - a +1 chain mail of cold resistance
 i - a +0 cloak (worn)
Jewellery
 s - a ring of ice
Talismans
 l - a serpent talisman
Wands
 f - a wand of flame (14)
Potions
 m - a potion of lignification
 o - 2 potions of enlightenment
 q - a potion of heal wounds {unknown}


   Skills:
 - Level 2.6 Fighting
 * Level 5.8 Maces & Flails
 - Level 3.6 Armour
 - Level 3.2 Shields


You had 5 spell levels left.
You didn't know any spells.
Your spell library contained the following spells:

 Spells                   Type           Power      Damage    Failure   Level
 Apportation              Tloc           0%         N/A       77%         1
 Necrotise                Necr           0%         1d4       77%         1
 Sandblast                Erth           0%         2d4       77%         1
 Sting                    Conj/Alch      0%         1d3       77%         1
 Summon Small Mammal      Summ           0%         N/A       77%         1
 Passwall                 Erth           0%         N/A       98%         3
 Stone Arrow              Conj/Erth      0%         3d7       98%         3
 Brom's Barrelling Bould  Conj/Erth      0%         2d3       100%        4
 Fireball                 Conj/Fire      0%         3d3       100%        5
 Iskenderun's Battlesphe  Conj           0%         2d6       100%        5
 Conjure Ball Lightning   Conj/Air       0%         3x3d6     100%        6
 Orb of Destruction       Conj           0%         9d5       100%        7


Dungeon Overview and Level Annotations

Branches:
Dungeon (3/15)

Altars:


Innate Abilities, Weirdness & Mutations

Armour fits poorly on your strangely shaped body.
You have extremely tough skin. (AC +3)
You have a long armoured tail.
You regenerate magic when rolling toward enemies. (Rampage MPRegen)


Message History

You are poisoned.
You feel very mighty all of a sudden.
You feel very sick. You block the gnoll's attack.
You closely miss the gnoll.
Your tail-slap misses the gnoll.
You feel sick.
The gnoll hits you with a +1 whip of venom.
You are more poisoned.
A gnoll comes into view. It is wielding a +0 flail.
You closely miss the gnoll. You tail-slap the gnoll!
The gnoll is severely wounded.
You feel very sick. The gnoll hits you but does no damage.
The gnoll hits you with a +1 whip of venom.
You are more poisoned.
You barely miss the gnoll.
The gnoll is severely wounded.
You feel very sick.
A gnoll comes into view. It is wielding a +0 club.
The gnoll hits you with a +1 whip of venom.
You are lethally poisoned!
You barely miss the gnoll.
The gnoll shouts! x2
You tail-slap the gnoll.
You kill the gnoll!
You feel extremely sick.
A ribbon worm comes into view.
You have reached level 6!
Okay, then.
As you read the scroll labelled NOWKU NEUPLIVA, it dissolves into smoke.
It was a scroll of fog.
* * * LOW HITPOINT WARNING * * *
You feel very sick.
The gnoll bouda hits you with a +0 whip.
* * * LOW HITPOINT WARNING * * *
The gnoll hits you from afar with a +3 spear of venom.
* * * LOW HITPOINT WARNING * * *
You are more poisoned.
It was a potion of brilliance.
You feel clever all of a sudden.
You die...

##..<.....####........
#...w........'......†)
##........####........
##.gg...## ##.......
##...### ##.....#
##g## ##...## #g#
##'## #g# #.#
#####@### #)#
#..§§§§§# ##.##
#.###§#§# ##...## #.#
#.#.# ###...... #.#
#.#.######......##
#.###..........###.##
#.......######## ###
#########


You could see a gnoll bouda and a gnoll (swift).

Vanquished Creatures
  An orc priest (D:3)
  Natasha (thrice) (D:2)
  An orc wizard (D:3)
  4 gnolls (D:3)
  3 adders
  2 ribbon worms (D:3)
  A dart slug (D:1)
  4 orcs (D:3)
  A ball python (D:1)
  3 endoplasms
  2 giant cockroaches
  5 goblins
  7 hobgoblins
  7 jackals (D:1)
  8 kobolds
  4 quokkas
  5 bats
  9 frilled lizards
  4 rats
74 creatures vanquished.

Notes
Turn   | Place    | Note
-------+----------+-------------------------------------------
     0 | D:1      | jasper the Armataur Fighter began the quest for the Orb.
     0 | D:1      | Reached XP level 1. HP: 18/18 MP: 1/1
    32 | D:1      | Reached skill level 2 in Maces & Flails
    96 | D:1      | Reached XP level 2. HP: 25/25 MP: 2/2
   442 | D:1      | Reached skill level 3 in Maces & Flails
   519 | D:1      | Reached XP level 3. HP: 28/30 MP: 3/3
   808 | D:2      | Noticed Natasha
   856 | D:2      | Killed Natasha
   857 | D:2      | Reached skill level 4 in Maces & Flails
   857 | D:2      | Reached XP level 4. HP: 35/37 MP: 4/4
   948 | D:2      | Noticed Natasha
   952 | D:2      | Killed Natasha
  1042 | D:2      | Noticed Natasha
  1051 | D:2      | Killed Natasha
  1052 | D:2      | Reached XP level 5. HP: 42/42 MP: 5/5
  1480 | D:3      | Reached skill level 5 in Maces & Flails
  2159 | D:3      | Reached XP level 6. HP: 16/50 MP: 6/6
  2160 | D:3      | Succumbed to a gnoll's poison

Illustrated notes

Levels and vault maps discovered:
D:1:      dpeg_arrival_pond, layout_basic
D:2:      layout_basic, chequers_serial_rivers_small_a, uniq_natasha
D:3:      layout_loops_corners, amethyst_killhole, minmay_misc_feat_room

Skill      XL: |  1  2  3  4  5 |
---------------+----------------+-----
Maces & Flails | 2 3 4 5 |  5.8
Fighting       | |  2.6
Armour         | |  3.6
Shields        | |  3.2

Action                     |  1- 3 |  4- 6 || total
---------------------------+-------+-------++-------
  Melee: Flail             |   140 |    95 ||   235
         Tailslap          |    12 |    13 ||    25
  Throw: Dart              |     4 |     9 ||    13
         Boomerang         |       |     2 ||     2
    Use: Scroll            |     2 |     8 ||    10
         Potion            |       |     3 ||     3
 Armour: Scale mail        |    95 |    67 ||   162
  Dodge: Dodged            |    61 |    22 ||    83
  Block: Buckler           |    16 |    11 ||    27
